Map: Data-C

Players

Torkk

  • Race: Protoss Protoss
  • Spawn Location: 3:00

Epic - Winner!

  • Race: Terran Terran
  • Spawn Location: 9:00

Event: DreamHack SC2 Masters 2022 Atlanta (Offline)

VOD

Have the link to the VOD?

Description

Time

  • Played on: Nov. 18, 2022, 1:38 p.m.
  • Length: 6:35

All games in this series

Show
View Real Time Build Order
Export as new Build Order

Torkk Protoss 

Build Orders: 1 Gate Expand, Blink Stalkers 

Get SALT Encoding   

  12  0:00  Probe  
  13  0:12  Probe  
  14  0:18  Pylon  
  14  0:24  Probe (Chrono Boost)  
  15  0:36  Probe (Chrono Boost)  
  15  0:37  Gateway  
  16  0:45  Probe (Chrono Boost)  
  16  0:46  Assimilator  
  17  0:51  Probe  
  18  1:03  Probe  
  19  1:15  Probe  
  20  1:23  Nexus  
  20  1:32  Cybernetics Core  
  20  1:35  Probe  
  21  1:43  Assimilator  
  21  1:47  Probe  
  21  1:52  Pylon  
  22  1:59  Probe  
  23  2:08  Adept (Chrono Boost)  
  22  2:10  Warp Gate  
  22  2:11  Probe  
  25  2:23  Probe  
  26  2:31  Twilight Council  
  26  2:35  Probe, Stalker  
  29  2:39  Probe  
  30  2:47  Probe  
  31  2:51  Probe  
  32  3:00  Probe  
  32  3:03  Probe  
  32  3:04  Blink (Chrono Boost)  
  34  3:07  Stalker (Chrono Boost)  
  34  3:12  Probe  
  37  3:15  Probe  
  33  3:32  Probe  
  30  3:47  Probe  
  31  3:48  Probe  
  32  3:59  Probe, Stalker  
  32  4:00  Probe  
  36  4:11  Probe  
  36  4:12  Gateway, Probe  
  36  4:14  Gateway  
  38  4:23  Probe  
  39  4:24  Stalker  
  39  4:25  Probe  
  37  4:59  Probe  
  38  5:01  Probe  
  38  5:06  Stalker x2  
  43  5:09  Stalker  
  43  5:11  Probe  
  43  5:13  Pylon  
  46  5:16  Pylon  
  46  5:21  Robotics Facility  
  46  5:31  Probe x2  
  48  5:43  Probe x2  
  36  5:52  Stalker x3  
  36  5:55  Probe x2  
  44  6:07  Probe x2 (Chrono Boost)  
  47  6:11  Observer  
  47  6:18  Sentry, Probe x2 (Chrono Boost)  
  51  6:22  Zealot, Probe (Chrono Boost)  
Show
View Real Time Build Order
Export as new Build Order

Epic Terran - Winner!

Build Orders:  

Get SALT Encoding   

  12  0:00  SCV  
  13  0:12  SCV  
  14  0:17  Supply Depot  
  14  0:24  SCV  
  15  0:38  SCV  
  15  0:39  Barracks  
  15  0:42  Refinery  
  16  0:50  SCV  
  16  0:53  Refinery  
  17  1:02  SCV  
  18  1:14  SCV  
  19  1:27  Reaper, Orbital Command  
  19  1:32  Supply Depot  
  20  1:41  Factory  
  20  1:52  SCV  
  21  1:59  Reaper  
  22  2:04  SCV  
  23  2:16  SCV  
  23  2:20  Command Center  
  24  2:25  Hellion  
  24  2:29  SCV  
  27  2:31  Barracks Reactor  
  27  2:41  SCV, Starport  
  28  2:47  Widow Mine  
  30  2:53  SCV  
  30  2:55  Supply Depot  
  31  3:16  SCV, Marine x2  
  31  3:17  Widow Mine  
  36  3:20  Medivac  
  38  3:28  SCV  
  37  3:34  Marine x2  
  37  3:37  Orbital Command  
  38  3:41  SCV  
  38  3:44  Barracks, Factory Tech Lab  
  38  3:49  Bunker  
  38  3:52  Starport Tech Lab  
  38  3:54  SCV  
  39  3:56  Marine x2  
  41  4:03  Siege Tank  
  41  4:05  SCV  
  41  4:08  SCV  
  46  4:12  Supply Depot  
  46  4:16  Raven  
  48  4:19  SCV  
  48  4:22  Marine x2  
  51  4:25  SCV  
  51  4:31  SCV  
  53  4:39  SCV  
  53  4:41  Siege Tank  
  53  4:42  Barracks  
  53  4:43  Supply Depot, SCV  
  58  4:46  Marine x2  
  58  4:47  Barracks Tech Lab  
  58  4:51  SCV, Refinery  
  61  4:54  Engineering Bay  
  61  4:55  SCV  
  62  5:00  Refinery  
  62  5:04  Supply Depot  
  62  5:05  SCV  
  63  5:07  SCV  
  63  5:13  Starport Reactor  
  64  5:16  Marine x2  
  64  5:17  Marauder  
  64  5:19  SCV x2  
  70  5:27  Supply Depot  
  70  5:35  Siege Tank  
  73  5:38  SCV x2  
  73  5:41  Marauder  
  77  5:45  Supply Depot  
  77  5:46  Supply Depot  
  77  5:49  Marauder  
  79  5:51  Supply Depot  
  79  5:52  SCV x2  
  79  5:54  Marine  
  79  5:55  Marine  
  83  6:05  Medivac  
  83  6:09  Supply Depot  
  83  6:11  Marine x2  
  85  6:15  Supply Depot  
Tags
 
Add a new tag
Caveats
  • Supply blocks, unpowered buildings, or Contaminate may cause inaccurate times.
  • Supply counts are checked every 10 seconds.